AoeStats
← RDA Ronan

Arena

508549674Analyzed
4v4 RM · 8d ago on Sep 23, 2026· 41m 5s· 8 players
Game mode
Random Map
Map size
Large (8 player)
Population
200
Speed
Normal
Resources
Standard
Victory
Conquest
Starting age
Dark Age
Ending age
Imperial Age
RankedLock teamsTeams togetherTeam positionsShared explorationLock speedFull tech treeHidden civsTurbo modeCheats
Victory
Defeat
🇦🇷 Byzantines · Argentina
1302
+12
🇦🇷 Spanish · Argentina
1241
+15
🇦🇷 Burmese · Argentina
1186
+17
🇪🇸 Franks · Spain
1153
+17
🇭🇰 Franks · Hong Kong SAR China
1250
-17
🇧🇷 Inca · Brazil
1204
-15
🇺🇸 Saxons · United States
1196
-15
🇺🇸 Danes · United States
1185
-14
SLAMFOX
11:53 Feudal Age
15:46 Castle Age
14:36 Double-Bit Axe
14:34 Horse Collar
17:46 Bow Saw
18:06 Heavy Plow
18:19 Fletching
18:30 Padded Archer Armor
20:12 Elite Skirmisher
22:32 Bodkin Arrow
23:57 Ballistics
25:36 Leather Archer Armor
26:49 Thumb Ring
27:11 Scale Barding Armor
27:17 Forging
27:09 Gold Mining
27:10 Stone Mining
29:29 Wheelbarrow
29:38 Chain Barding Armor
30:51 Hand Cart
31:27 Iron Casting
31:05 Bloodlines
30:55 Husbandry
32:17 Scale Mail Armor
33:24 Chain Mail Armor
36:27 Imperial Age
34:00 Gambesons
34:15 Squires
34:00 Arson
36:01 Gambesons
36:50 Elite Varangian Guard
38:20 Plate Mail Armor
SLAMCOW
10:02 Feudal Age
14:47 Castle Age
12:40 Double-Bit Axe
12:38 Horse Collar
15:54 Bow Saw
21:52 Fletching
27:51 Bodkin Arrow
31:18 Padded Archer Armor
35:12 Leather Archer Armor
39:16 Murder Holes
39:03 Elite Skirmisher
Brandt9700
10:20 Feudal Age
11:50 Wheelbarrow
12:10 Loom
14:49 Castle Age
13:02 Horse Collar
14:21 Double-Bit Axe
leung
10:55 Feudal Age
12:06 Double-Bit Axe
15:06 Castle Age
16:08 Bow Saw
17:01 Wheelbarrow
17:30 Gold Mining
22:01 Hand Cart
23:52 Gold Shaft Mining
24:37 Husbandry
23:59 Light Cavalry
24:53 Forging
26:59 Stone Mining
30:03 Imperial Age
30:09 Devotion
30:28 Cavalier
31:55 Scale Barding Armor
33:20 Capped Ram
35:12 Faith
35:04 Scale Barding Armor
35:34 Iron Casting
34:46 Paladin
RDA | Damiii el TORO
9:10 Loom
10:57 Feudal Age
15:52 Castle Age
14:09 Double-Bit Axe
20:21 Imperial Age
19:02 Bow Saw
18:37 Horse Collar
18:50 Gold Mining
22:02 Chemistry
25:17 Light Cavalry
27:42 Scale Barding Armor
32:01 Chain Barding Armor
31:45 Heavy Plow
32:40 Husbandry
35:10 Hussar
36:38 Wheelbarrow
37:44 Plate Barding Armor
38:53 Hand Cart
39:08 Ballistics
40:23 Forging
RDA | Karnage
10:00 Feudal Age
16:05 Castle Age
18:07 Forging
17:58 Scale Mail Armor
17:56 Gambesons
19:09 Squires
24:26 Iron Casting
24:07 Chain Mail Armor
24:53 Arson
28:42 Chain Mail Armor
30:12 Loom
33:52 Double-Bit Axe
36:50 Wheelbarrow
39:18 Imperial Age
40:05 Hand Cart
RDA Lurchoton
10:42 Feudal Age
11:30 Loom
15:13 Castle Age
13:02 Horse Collar
19:34 Redemption
19:50 Sanctity
21:50 Gold Mining
22:01 Scale Mail Armor
22:47 Wheelbarrow
22:30 Pikeman
23:17 Squires
28:22 Fervor
29:12 Chain Mail Armor
32:48 Imperial Age
32:53 Atonement
33:38 Capped Ram
33:44 Onager
35:15 Town Watch
35:13 Halberdier
36:25 Block Printing
37:47 Illumination
38:22 Conscription
39:26 Theocracy
RDA Ronan
10:21 Feudal Age
11:25 Loom
14:08 Castle Age
12:27 Double-Bit Axe
15:46 Padded Archer Armor
15:59 Horse Collar
24:22 Heavy Plow
25:41 Wheelbarrow
26:37 Town Watch
28:03 Bow Saw
29:48 Hand Cart
30:18 Bloodlines
30:09 Husbandry
32:13 Gold Mining
32:14 Stone Mining
35:47 Imperial Age
34:38 Town Patrol
35:56 Leather Archer Armor
36:22 Stone Shaft Mining
36:10 Elite Conquistador
37:12 Conscription
38:01 Chemistry
37:07 Fletching
38:07 Ballistics
37:45 Bodkin Arrow
38:48 Ring Archer Armor
40:22 Bracer
41:45 Coinage
Connection lost

Rejoining the realm…

Still unreachable

The connection could not be restored.

Session expired

The server has moved on; the page needs a fresh start.